 Dungeon Crawl Stone Soup version 0.31-a0-986-g5e6e4ef867 (webtiles) character file.

Game seed: 8826417690892059816

238 sammy202020 the Ruffian (level 5, -1/40 HPs)
             Began as a Demonspawn Shapeshifter on Nov 17, 2023.
             Killed by divine providence
             ... invoked by an orc priest
              (11 damage)
             ... on level 3 of the Dungeon.
             The game lasted 00:04:06 (2616 turns).

sammy202020 the Ruffian (Demonspawn Shapeshifter)   Turns: 2616, Time: 00:04:06

Health: -1/40      AC:  6    Str: 16    XL:     5   Next: 78%
Magic:  5/5        EV: 11    Int: 12    God:
Gold:   101        SH:  0    Dex: 12    Spells: 4/4 levels left

rFire   . .          .
                       - Unarmed
rCold   . . .        (no shield)
rNeg    . . .        o - +0 ring mail
rPois   .            (helmet currently unavailable)
rElec   .            (cloak currently unavailable)
rCorr   .            (gloves currently unavailable)
SInv    .            (boots currently unavailable)
Will    .....        (no amulet)
Stlth   +            (no ring)
HPRegen 0.26/turn    (no ring)
MPRegen 0.09/turn

%: no passive effects
@: beast-form
A: beast (slay +2), claws 1, ignite blood 1, sharp scales 1
a: Begin Untransformation


You were on level 3 of the Dungeon.
You were a hulking beast.
You visited 1 branch of the dungeon, and saw 4 of its levels.

You collected 101 gold pieces.

Inventory:

Armour
 a - a +0 animal skin
 o - a +0 ring mail (worn)
Talismans
 c - a beast talisman
 d - a flux talisman
Wands
 n - a wand of digging (8)
Scrolls
 j - a scroll of revelation
Potions
 b - 2 potions of lignification
 e - a potion of invisibility
 f - 2 potions of might
 h - a potion of curing


   Skills:
 * Level 2.9 Fighting
 + Level 1.5 Armour
 + Level 2.4 Dodging
 * Level 3.8 Unarmed Combat
 * Level 3.6 Shapeshifting


You had 4 spell levels left.
You didn't know any spells.
Your spell library contained the following spells:

 Spells                   Type           Power      Damage    Failure   Level
 Freeze                   Ice            0%         1d3       52%         1
 Ensorcelled Hibernation  Hex/Ice        0%         N/A       67%         2
 Jinxbite                 Hex            0%         N/A       67%         2
 Frozen Ramparts          Ice            0%         1d1       88%         3
 Hailstorm                Conj/Ice       0%         3d3       88%         3
 Anguish                  Hex/Necr       0%         N/A       99%         4


Dungeon Overview and Level Annotations

Branches:
Dungeon (4/15)
 Temple: D:4-7

Altars:
Nemelex Xobeh
Sif Muna

Shops:
D:3 ?


Innate Abilities, Weirdness & Mutations

You are a hulking beast.
Your limbs bulge with bestial killing power. (Slay +2)
You have sharp fingernails.
Your demonic aura sometimes causes spilled blood to erupt in flames.
You are partially covered in razor-sharp scales. (AC +1, Slay +1)


Message History

The orc wizard is engulfed in blazing flames.
You kill the orc wizard!
You completely miss the orc. The orc hits you with a +0 short sword.
You closely miss the orc. The orc hits you with a +0 short sword.
You claw the orc priest!
The orc priest is severely wounded.
The orc barely misses you.
The orc priest invokes the aid of Beogh against you.
Beogh smites you!
* * * LOW HITPOINT WARNING * * *
You are too injured to fight recklessly!
You are too injured to fight recklessly!
You are too injured to fight recklessly!
You are too injured to fight recklessly!
You are too injured to fight recklessly!
You are too injured to fight recklessly!
You are too injured to fight recklessly!
You are too injured to fight recklessly!
You are too injured to fight recklessly!
You are too injured to fight recklessly!
You are too injured to fight recklessly!
You are too injured to fight recklessly!
You are too injured to fight recklessly!
You are too injured to fight recklessly!
You are too injured to fight recklessly!
You are too injured to fight recklessly!
You are too injured to fight recklessly!
You are too injured to fight recklessly!
You are too injured to fight recklessly!
You are too injured to fight recklessly!
You are too injured to fight recklessly!
Unknown command.
You scratch the orc priest but do no damage.
The orc priest is heavily wounded.
The orc hits you but does no damage.
You scratch the orc priest.
The orc priest is severely wounded.
The orc priest invokes the aid of Beogh against you.
Beogh smites you!
You die...

####### ##.....##
##.......##
#.........#
#.........#
#..ho.....#
#..o).....#####
##..............
.............####.
.#.......#...##
#.8...8.#....#
#.......#....#
.....
#.......#....#
....
#.......#..#..#
...


You could see an orc priest and an orc.

Vanquished Creatures
  An orc priest (D:4)
  2 orc wizards
  4 gnolls (D:3)
  5 adders
  5 worms
  3 dart slugs
  2 orcs
  4 ball pythons
  6 bats
  3 endoplasms
  3 giant cockroaches
  5 goblins
  4 hobgoblins
  3 quokkas (D:1)
  5 frilled lizards
  5 kobolds
  4 rats
64 creatures vanquished.

Notes
Turn   | Place    | Note
-------+----------+-------------------------------------------
     0 | D:1      | sammy202020 the Demonspawn Shapeshifter began the quest for
                  | the Orb.
     0 | D:1      | Reached XP level 1. HP: 15/15 MP: 1/1
    68 | D:1      | Found a faded altar of an unknown god.
   207 | D:1      | Gained mutation: Your demonic aura sometimes causes spilled
                  | blood to erupt in flames. [demonic ancestry]
   207 | D:1      | Reached XP level 2. HP: 11/21 MP: 2/2
   708 | D:1      | Reached XP level 3. HP: 27/27 MP: 3/3
   992 | D:2      | Identified the +9 flail of Plog {freeze, rCorr Int+6}
  1127 | D:2      | Found a sparkling altar of Nemelex Xobeh.
  1277 | D:2      | Reached skill level 1 in Armour
  1346 | D:2      | Gained mutation: You are partially covered in razor-sharp
                  | scales. (AC +1, Slay +1) [demonic ancestry]
  1346 | D:2      | Reached XP level 4. HP: 18/33 MP: 4/4
  2148 | D:3      | Gained mutation: You have sharp fingernails. [demonic
                  | ancestry]
  2148 | D:3      | Reached XP level 5. HP: 14/39 MP: 5/5
  2446 | D:3      | Found Zaptaz's Magic Scroll Boutique.
  2459 | D:3      | Found a shimmering blue altar of Sif Muna.
  2616 | D:3      | Killed from afar by an orc priest

Illustrated notes

Levels and vault maps discovered:
D:1:      onia_arrival_mini_spirals, layout_loops_ring,
          shapermc_ecumenical_altar_totnotflames
D:2:      layout_basic, basic_altar
D:3:      cheibrodos_pilgrimage, layout_rooms, mainiacjoe_overflow_alcove_4,
          serial_glass, glass_columns_a, glass_columns_a, serial_shops, shop
D:4:      layout_basic, minmay_temple_entry_sparse_star,
          hangedman_abyss_or_decor_stagger, kennysheep_diamond, st_stairs_9

Skill      XL: |  1  2  3 |
---------------+----------+-----
Unarmed Combat | 3 |  3.8
Shapeshifting  | 3 |  3.6
Dodging        | 2 |  2.4
Fighting       | 2 |  2.9
Armour         | 1 |  1.5

Action                     |  1- 3 |  4- 6 || total
---------------------------+-------+-------++-------
  Melee: Unarmed           |   112 |    91 ||   203
         Punch             |     4 |     3 ||     7
    Use: Scroll            |     2 |     5 ||     7
         Potion            |       |     3 ||     3
   Stab: Sleeping          |     2 |       ||     2
 Armour: Animal skin       |    10 |       ||    10
         Leather armour    |    29 |       ||    29
         Ring mail         |    20 |    75 ||    95
  Dodge: Dodged            |    57 |    50 ||   107

Table legend: (Time is in decaauts)
 A = Elapsed time spent in this place.
 B = Non-inter-level travel time spent in this place.
 C = Inter-level travel time spent in this place.
 D = Time resting spent in this place.
 E = Time spent auto-exploring this place.
 F = Levels seen in this place.
 G = Mean time per level.
                   A        B        C        D        E       F      G
               +--------+--------+--------+--------+--------+-----+--------+
         Total |   2604 |   2574 |     30 |    389 |   1693 |   4 |  651.0 |
       Dungeon |   2604 |   2574 |     30 |    389 |   1693 |   4 |  651.0 |
               +--------+--------+--------+--------+--------+-----+--------+

Top non-repeatable levels by time:
     D:2: 1085 daAuts
     D:1: 944 daAuts
     D:3: 487 daAuts
     D:4: 86 daAuts
